 Dungeon Crawl Stone Soup version 0.30-a0-948-g4fa250aae5 (webtiles) character file.

Game seed: 13307599289985117335

72 DeathPants the Caller (level 4, -9/21 HPs)
             Began as a Vine Stalker Summoner on Mar 26, 2023.
             Mangled by Crazy Yiuf
             ... wielding a +2 quarterstaff of chaos
              (10 damage)
             ... on level 2 of the Dungeon.
             The game lasted 00:06:04 (1988 turns).

DeathPants the Caller (Vine Stalker Summoner)       Turns: 1988, Time: 00:06:04

Health: -9/21      AC:  3    Str: 13    XL:     4   Next: 25%
Magic:  0/10       EV: 11    Int: 21    God:
Gold:   165        SH:  0    Dex: 14    Spells: 4/10 levels left

rFire   . . .      SeeInvis .    e - +0 dagger
rCold   . . .      Faith    .    (no shield)
rNeg    . . .      Spirit   +    f - +0 leather armour
rPois   .          Reflect  .    (no helmet)
rElec   .          Rampage  .    (no cloak)
rCorr   .                        (no gloves)
Will    .....                    (no boots)
Stlth   ++                       (no amulet)
HPRegen 1.03/turn                d - +6 ring of intelligence
MPRegen 0.12/turn                (no ring)

@: no status effects
A: fangs 2, regeneration 1, magic shield, antimagic bite, no potion heal 2
a: no special abilities


You were on level 2 of the Dungeon.
You visited 1 branch of the dungeon, and saw 3 of its levels.

You collected 165 gold pieces.

Inventory:

Hand Weapons
 e - a +0 dagger (weapon)
Missiles
 k - 5 poisoned darts
 s - 6 javelins
Armour
 a - a +0 robe
 f - a +0 leather armour (worn)
Jewellery
 d - a +6 ring of intelligence (left hand)
Wands
 j - a wand of charming (5)
Scrolls
 c - 2 scrolls of fog {unknown}
 g - 4 scrolls of teleportation {unknown}
 h - a scroll of magic mapping {unknown}
 l - a scroll of poison {unknown}
 m - a scroll of identify {unknown}
 o - a scroll of enchant weapon {unknown}
Potions
 i - 5 potions of haste {unknown}
 n - a potion of curing {unknown}
 p - a potion of cancellation {unknown}
 q - a potion of heal wounds {unknown}
 r - a potion of might {unknown}


   Skills:
 + Level 0.0 Fighting
 - Level 1.5 Dodging
 - Level 2.4 Stealth
 + Level 3.5 Spellcasting
 + Level 4.9 Summonings


You had 4 spell levels left.
You knew the following spells:

 Your Spells              Type           Power      Damage    Failure   Level
a - Summon Small Mammal   Summ           96%        N/A       2%          1
b - Call Imp              Summ           24%        N/A       3%          2
c - Call Canine Familiar  Summ           24%        N/A       6%          3

Your spell library contained the following spells:

 Spells                   Type           Power      Damage    Failure   Level
 Slow                     Hex            12%        N/A       16%         1
 Summon Guardian Golem    Hex/Summ       13%        N/A       19%         3
 Blink                    Tloc           6%         N/A       24%         2
 Lesser Beckoning         Tloc           6%         N/A       24%         2
 Momentum Strike          Conj/Tloc      6%         3d8       24%         2
 Confusing Touch          Hex            3%         N/A       43%         3
 Vampiric Draining        Necr           3%         2d6       43%         3
 Summon Lightning Spire   Summ/Air       13%        N/A       52%         4


Dungeon Overview and Level Annotations

Branches:
Dungeon (3/15)

Altars:

Annotations:
D:2 Crazy Yiuf


Innate Abilities, Weirdness & Mutations

You have extremely sharp teeth.
Your natural rate of healing is unusually fast.
When hurt, damage is shared between your health and your magic reserves.
Your bite disrupts and absorbs the magic of your enemies.
Potions cannot restore your health.


Message History

Your crimson imp dies!
Your crimson imp disappears in a puff of smoke!
Okay, then.
Magic courses through your body.
Crazy Yiuf yells, "Castle cloud seventy!"
Casting: Call Imp (safe; 3% risk of failure)
Press: ? - help, Q - select action, (/) - cycle Dir - look around, f - activate A beastly little devil appears in a puff of frigid air.
Crazy Yiuf hits you with a +2 quarterstaff of chaos!
You are electrocuted!
* * * LOW HITPOINT WARNING * * *
You swap places.
Crazy Yiuf yells, "Paint snockshim fast!"
Crazy Yiuf hits your white imp with a +2 quarterstaff of chaos!
Your white imp hits Crazy Yiuf.
Your white imp freezes Crazy Yiuf.
Crazy Yiuf hits your white imp with a +2 quarterstaff of chaos!
Your white imp dies!
Your white imp disappears in a puff of smoke!
Casting: Call Imp (safe; 3% risk of failure)
Press: ? - help, Q - select action, (/) - cycle Dir - look around, f - activate A beastly little devil appears in a puff of flame.
Crazy Yiuf says, "Cholesterol!"
Crazy Yiuf barely misses your crimson imp.
Crazy Yiuf hits your crimson imp with a +2 quarterstaff of chaos!
Your crimson imp blinks!
You don't have enough magic to cast this spell.
You don't have enough magic to cast this spell.
Your crimson imp blinks!
Crazy Yiuf screams, "Cards snail unthinkable!"
Your crimson imp closely misses Crazy Yiuf.
Crazy Yiuf hits you with a +2 quarterstaff of chaos.
Crazy Yiuf draws strength from your wounds!
Your crimson imp blinks!
Your crimson imp blinks!
Crazy Yiuf attacks as you move away!
Crazy Yiuf hits you with a +2 quarterstaff of chaos!
Ouch! That really hurt!
* * * LOW HITPOINT WARNING * * *
You are electrocuted!
You die...

#####....................
###...............#..
##..............#.. ##
♣♣######............##.. ).5#♣♣
♣♣P#..####...........##..
...'.♣♣♣♣........#.....[.....#...
...#♣g.♣.PP...§..#...............
## ♣♣♣.♣.♣#....g#...............
♣♣♣♣♣##...@#...............
#....#...............
######..5.................
#.........................
#.............#######.....
#....................>####
#....)........######### ##
#.............# #.
#.............# #.


You could see Crazy Yiuf (ally target) and a friendly crimson imp (summoned).

Vanquished Creatures
  3 bats
  4 endoplasms
  6 goblins
  2 hobgoblins
  8 jackals
  4 kobolds
  A ball python (D:2)
  2 frilled lizards (D:1)
  4 rats
34 creatures vanquished.

Vanquished Creatures (collateral kills)
  An adder (D:2)
  A worm (D:2)
  A dart slug (D:1)
  3 hobgoblins
  4 jackals
  A quokka (D:1)
  A ball python (D:2)
  3 bats (D:1)
  A frilled lizard (D:1)
  A goblin (D:1)
  A rat (D:2)
18 creatures vanquished.

Vanquished Creatures (others)
  2 fungi (D:2)
  6 plants (D:2)
8 creatures vanquished.

Grand Total: 60 creatures vanquished

Notes
Turn   | Place    | Note
-------+----------+-------------------------------------------
     0 | D:1      | DeathPants the Vine Stalker Summoner began the quest for
                  | the Orb.
     0 | D:1      | Reached XP level 1. HP: 9/9 MP: 4/4
   293 | D:1      | Reached XP level 2. HP: 9/13 MP: 3/6
   302 | D:1      | Learned a level 2 spell: Call Imp
   371 | D:1      | Found a faded altar of an unknown god.
   509 | D:1      | Reached XP level 3. HP: 12/16 MP: 4/8
   588 | D:1      | You fall into a shaft and drop 1 floor!
   620 | D:1      | Learned a level 3 spell: Call Canine Familiar
  1366 | D:2      | Gained mutation: Your natural rate of healing is unusually
                  | fast. [Vine Stalker growth]
  1366 | D:2      | Reached XP level 4. HP: 10/21 MP: 5/10
  1951 | D:2      | Found a runed translucent door.
  1952 | D:2      | Noticed Crazy Yiuf
  1988 | D:2      | HP: 1/21 [Crazy Yiuf/+2 quarterstaff of chaos (14)]
  1988 | D:2      | Mangled by Crazy Yiuf

Illustrated notes

Levels and vault maps discovered:
D:1:      reono_arrival_mine, layout_basic,
          dreamdust_ecumenical_altar_angels_and_demons, minmay_misc_feat_square,
          st_stairs_12
D:2:      layout_basic, chequers_big_river, minmay_fractal_squares_gapless_5,
          uniq_crazy_yiuf_cottage
D:3:      layout_basic, grunt_temple_overflow_diamond

Skill      XL: |  1  2  3 |
---------------+----------+-----
Spellcasting   | 3 |  3.5
Dodging        | |  1.5
Stealth        | |  2.4
Summonings     | |  4.9

Action                     |  1- 3 |  4- 6 || total
---------------------------+-------+-------++-------
  Melee: Dagger            |   115 |    46 ||   161
         Bite              |    29 |    15 ||    44
         Unarmed           |     1 |       ||     1
   Cast: Summon Small Mamm |     8 |       ||     8
         Call Imp          |     8 |     8 ||    16
    Use: Potion            |       |     1 ||     1
   Stab: Sleeping          |     2 |     1 ||     3
 Armour: Robe              |     1 |       ||     1
         Leather armour    |    19 |    21 ||    40
  Dodge: Dodged            |   107 |    28 ||   135

Table legend: (Time is in decaauts)
 A = Elapsed time spent in this place.
 B = Non-inter-level travel time spent in this place.
 C = Inter-level travel time spent in this place.
 D = Time resting spent in this place.
 E = Time spent auto-exploring this place.
 F = Levels seen in this place.
 G = Mean time per level.
                   A        B        C        D        E       F      G
               +--------+--------+--------+--------+--------+-----+--------+
         Total |   1994 |   1914 |     80 |      0 |   1203 |   3 |  664.7 |
       Dungeon |   1994 |   1914 |     80 |      0 |   1203 |   3 |  664.7 |
               +--------+--------+--------+--------+--------+-----+--------+

Top non-repeatable levels by time:
     D:1: 1025 daAuts
     D:2: 920 daAuts
     D:3: 48 daAuts
